 Dungeon Crawl Stone Soup version 0.19-a0-1682-g5114f93 (webtiles) character file.

235 st0uf the Chopper (level 5, -1/42 HPs)
             Began as a Demonspawn Gladiator on Sept 25, 2016.
             Slain by an orc priest (2 damage)
             ... on level 4 of the Dungeon.
             The game lasted 00:08:28 (3059 turns).

st0uf the Chopper (Demonspawn Gladiator)            Turns: 3059, Time: 00:08:31

Health: -1/42      AC: 12    Str: 16    XL:     5   Next: 76%
Magic:  5/5        EV:  8    Int:  9    God:
Gold:   170        SH:  0    Dex: 14    Spells: 0 memorised, 4 levels left

rFire  . . .     SeeInvis .     a - +0 war axe
rCold  . . .     Gourm    .     s - +0 chain mail (curse)
rNeg   . . .     Faith    .     (no shield)
rPois  .         Spirit   .     c - +0 helmet
rElec  .         Dismiss  .     (no cloak)
rCorr  .         Reflect  .     (no gloves)
MR     .....     Harm     .     (no boots)
Stlth  ..........               (no amulet)
                                (no ring)
                                (no ring)

@: no status effects
A: hooves 1, slimy green scales 1
a: no special abilities


You were on level 4 of the Dungeon.
You were not hungry.

You visited 1 branch of the dungeon, and saw 5 of its levels.

You collected 170 gold pieces.

Inventory:

Hand Weapons
 a - a +0 war axe (weapon)
Missiles
 d - 3 throwing nets (quivered)
Armour
 c - a +0 helmet (worn)
 s - a cursed +0 chain mail (worn)
Wands
 t - a wand of polymorph (20/24)
Scrolls
 b - a scroll of noise {unknown}
 e - 9 scrolls of identify {unknown}
 h - a scroll of magic mapping {unknown}
 j - 4 scrolls of blinking {unknown}
 n - a scroll of fog {unknown}
 p - a scroll of amnesia {unknown}
 q - a scroll of remove curse {unknown}
 u - a scroll of fear {unknown}
Potions
 g - a potion of brilliance {unknown}
 i - 2 potions of haste {unknown}
 k - 2 potions of beneficial mutation {unknown}
 l - a potion of cure mutation {unknown}
 m - a potion of flight {unknown}
 o - a potion of might {unknown}
 r - a potion of agility {unknown}
Comestibles
 f - 3 bread rations
 v - 6 chunks of flesh


   Skills:
 * Level 3.8 Fighting
 * Level 4.0 Axes
 - Level 1.7 Throwing
 + Level 1.9 Armour
 + Level 3.4 Dodging


You had 4 spell levels left.
You didn't know any spells.

Dungeon Overview and Level Annotations

Branches:
Dungeon (5/15)
 Temple: D:4-7

Altars:
Zin

Shops:
D:5 *


Innate Abilities, Weirdness & Mutations

You have large cloven feet.
You are partially covered in slimy green scales. (AC +2)


Message History

The orc priest is lightly wounded.
The orc priest barely misses you. x2
You hit the orc priest. Your kick misses the orc priest.
The orc priest is moderately wounded.
The orc priest barely misses you.
You closely miss the orc priest.
You kick the orc priest, but do no damage.
The orc priest is moderately wounded.
The orc priest looks encouraged for a moment.
You slash the orc priest!
The orc priest is almost dead.
The orc priest calls down the wrath of Beogh upon you.
Pain shoots through your body!
You barely miss the orc priest.
The orc priest is almost dead.
The orc priest mumbles some strange prayers to Beogh against you.
Beogh smites you!
* * * LOW HITPOINT WARNING * * *
The orc priest hits you.
You die...

#..............
#..............#
#..............#
#.............#
#...../.......##
#/...........:.
#...o).......#
#..<@......#
##......####
########


You could see an orc priest.

Vanquished Creatures
  A centaur zombie (D:5)
  An orc priest (D:5)
  A worker ant (D:5)
  Robin (D:2)
  5 adders
  2 oozes (D:1)
  3 worms
  A leopard gecko (D:5)
  5 orcs
  A ball python (D:2)
  4 bats
  A giant cockroach (D:2)
  11 goblins
  13 hobgoblins
  4 jackals (D:1)
  7 kobolds
  A quokka (D:2)
  2 frilled lizards
  8 rats
72 creatures vanquished.

Notes
Turn   | Place    | Note
-------+----------+-------------------------------------------
     0 | D:1      | st0uf the Demonspawn Gladiator began the quest for the Orb.
     0 | D:1      | Reached XP level 1. HP: 16/16 MP: 1/1
    70 | D:1      | Gained mutation: You are partially covered in slimy green scales. (AC +2) [demonic ancestry]
    70 | D:1      | Reached XP level 2. HP: 21/23 MP: 2/2
   230 | D:1      | Reached skill level 3 in Axes
   318 | D:1      | Reached skill level 1 in Armour
   540 | D:1      | Gained mutation: You have large cloven feet. [demonic ancestry]
   540 | D:1      | Reached XP level 3. HP: 28/28 MP: 3/3
   978 | D:2      | Found a glowing silver altar of Zin.
  1473 | D:2      | Noticed Robin
  1476 | D:2      | Reached XP level 4. HP: 33/34 MP: 4/4
  1496 | D:2      | Killed Robin
  2661 | D:3      | Reached XP level 5. HP: 39/41 MP: 5/5
  2823 | D:3      | You fall through a shaft for 2 floors!
  2823 | D:5      | Entered Level 5 of the Dungeon
  3029 | D:5      | Found Estroulu's General Store.
  3037 | D:5      | Reached skill level 4 in Axes
  3059 | D:4      | HP: 1/42 [orc priest/divine providence (14)]
  3059 | D:4      | Slain by an orc priest

Vault maps used:
D:1:      sevenhm_arrival_forest_fort_small_4, minmay_tree_intersection
D:2:      kennysheep_big_flooded_room, lemuel_coloured_pillars_altar,
          first_bread, grunt_decor_one_mirror, uniq_robin
D:4:      lemuel_crystal_altar, serial_shops, nicolae_shop_crystal,
          uniq_blork_the_orc
D:5:      serial_shops, shop_fountains

Skill      XL: |  1  2  3  4  5 |
---------------+----------------+-----
Axes           | 3 4 |  4.0
Armour         | 1 |  1.9
Dodging        | 3 |  3.4
Fighting       | 3 |  3.8
Throwing       | |  1.7

Action                   |  1- 3 |  4- 6 || total
-------------------------+-------+-------++-------
Melee: War axe           |   137 |   108 ||   245
       Kick              |    16 |    28 ||    44
  Eat: Chunk             |     2 |     5 ||     7
Armor: Leather armour    |    33 |       ||    33
       Ring mail         |    45 |    46 ||    91
       Chain mail        |       |    27 ||    27
Dodge: Dodged            |   115 |   104 ||   219
